AoeStats
← iAlejandrouae

Arena

509595368Analyzed
4v4 RM · 4d ago on Sep 27, 2026· 25m 14s· 8 players
Game mode
Random Map
Map size
Large (8 player)
Population
200
Speed
Normal
Resources
Standard
Victory
Conquest
Starting age
Dark Age
Ending age
Imperial Age
RankedLock teamsTeams togetherTeam positionsShared explorationLock speedFull tech treeHidden civsTurbo modeCheats
Victory
Defeat
🇨🇳 Cumans · China
1750
+10
🇨🇳 Saxons · China
1712
+12
🇨🇳 Mongols · China
1464
+22
1391
+25
🇩🇰 Koreans · Denmark
1627
-18
🇺🇸 Mongols · United States
1614
-18
1613
-18
🇦🇷 Persians · Argentina
1550
-15
jijiojojo
10:00 Feudal Age
9:46 Loom
13:57 Castle Age
12:12 Double-Bit Axe
14:24 Scale Mail Armor
曾经沧海难为水
9:55 Feudal Age
13:58 Castle Age
11:48 Double-Bit Axe
12:20 Horse Collar
13:38 Loom
16:53 Gold Mining
19:09 Fletching
22:29 Padded Archer Armor
摸鱼种田
8:24 Feudal Age
9:22 Double-Bit Axe
9:19 Horse Collar
19:14 Castle Age
18:54 Wheelbarrow
18:25 Loom
19:07 Scale Barding Armor
19:12 Forging
20:47 Chain Barding Armor
20:34 Heavy Plow
20:46 Bow Saw
21:34 Bloodlines
21:41 Gold Mining
21:55 Stone Mining
24:06 Iron Casting
水母系呆萌美少女可可
10:19 Feudal Age
13:54 Castle Age
13:17 Horse Collar
14:56 Heavy Plow
16:52 Wheelbarrow
19:19 Loom
20:34 Gold Mining
22:27 Gold Shaft Mining
23:49 Hand Cart
23:59 Sanctity
24:07 Stone Mining
25:24 Redemption
Lastmantillidie
9:37 Feudal Age
13:47 Castle Age
12:11 Double-Bit Axe
12:30 Horse Collar
14:54 Bow Saw
19:16 Town Watch
21:30 Scale Barding Armor
23:37 Forging
23:55 Bloodlines
25:05 Iron Casting
3409853472
10:43 Feudal Age
9:03 Loom
14:55 Castle Age
13:29 Double-Bit Axe
13:34 Horse Collar
17:30 Bow Saw
19:13 Fletching
19:23 Gold Mining
20:28 Ballistics
20:38 Bodkin Arrow
24:58 Gold Shaft Mining
27:53 Imperial Age
iAlejandrouae
7:45 Feudal Age
6:39 Loom
9:12 Fletching
16:19 Town Watch
22:06 Castle Age
20:11 Double-Bit Axe
21:12 Horse Collar
归来仍只会种田
10:31 Feudal Age
11:02 Double-Bit Axe
15:19 Castle Age
13:46 Horse Collar
14:34 Stone Mining
15:39 Gold Mining
16:21 Bow Saw
Connection lost

Rejoining the realm…

Still unreachable

The connection could not be restored.

Session expired

The server has moved on; the page needs a fresh start.